 Dungeon Crawl Stone Soup version 0.22.1-6-g1668fe2c40 (webtiles) character file.

6779 Forgol the Grappler (level 10, -9/106 HPs)
             Began as a Troll Berserker on Jan 19, 2019.
             Was an Elder of Trog.
             Mangled by an ice devil (21 damage)
             ... summoned by a kobold demonologist
             ... on level 8 of the Dungeon.
             The game lasted 00:22:06 (7717 turns).

Forgol the Grappler (Troll Berserker)               Turns: 7717, Time: 00:22:07

Health: -9/106     AC:  6    Str: 37    XL:     10   Next: 76%
Magic:  9/9        EV: 13    Int:  3    God:    Trog [****..]
Gold:   204        SH:  0    Dex:  9    Spells: 9/9 levels left

rFire    x . .     SeeInvis .     - Unarmed
rCold    . . .     Gourm    +   (no shield)
rNeg     . . .     Faith    .   M - +0 robe of the Worm {+Blink rF- Str+10 Dex-3}
rPois    .         Spirit   .   (helmet restricted)
rElec    .         Reflect  .   o - +0 cloak
rCorr    .         Harm     .   (gloves unavailable)
MR       .....                  (boots unavailable)
Stlth    +.........             (no amulet)
HPRegen  0.67/turn              (no ring)
MPRegen  0.11/turn              (no ring)

@: berserk cooldown, slowed, very slow
A: large, unfitting armour, claws 3, fast metabolism 3, gourmand, regeneration
1, shaggy fur 1, tough skin 2
a: Berserk, Trog's Hand, Brothers in Arms, Renounce Religion, Evoke Blink


You were on level 8 of the Dungeon.
You worshipped Trog.
Trog was greatly pleased with you.
You were very hungry.

You visited 1 branch of the dungeon, and saw 8 of its levels.
You also visited: Ossuary.

You collected 375 gold pieces.
You spent 171 gold pieces at shops.

Inventory:

Hand Weapons
 g - a +0 giant club
 t - a +1 flail of holy wrath
 u - a +1 war axe of chopping
 v - a +1 whip of flaming
 L - the +7 scimitar of Qups {slice, +Inv, unknown}
   (You took it off a goblin on level 8 of the Dungeon)

   It inflicts extra damage upon your enemies.
   It lets you turn invisible.
Missiles
 f - 403 stones
 x - 17 large rocks (quivered)
Armour
 a - a +0 animal skin
 j - a scarf of repulsion
 o - a +0 cloak (worn)
 w - a +1 robe of positive energy
 K - the +4 robe of the Albatross {SInv}
   (You bought it in a shop on level 8 of the Dungeon)

   It lets you see invisible.
 M - the +0 robe of the Worm (worn) {+Blink rF- Str+10 Dex-3}
   (You took it off a goblin on level 8 of the Dungeon)

   It affects your strength (+10).
   It affects your dexterity (-3).
   It makes you vulnerable to fire.
   It lets you blink.
Jewellery
 F - an uncursed amulet of rage
Wands
 m - a wand of paralysis (8)
 I - a wand of random effects (33)
Scrolls
 h - 4 scrolls of remove curse
 i - 3 scrolls of magic mapping
 l - 3 scrolls of teleportation
 n - 2 scrolls of enchant armour
 p - a scroll of amnesia {unknown}
 q - a scroll of fog {unknown}
 r - a scroll of random uselessness
 y - 5 scrolls of immolation
 B - a scroll of noise
 G - a scroll of silence {unknown}
 J - 2 scrolls of identify
Potions
 c - a potion of heal wounds {unknown}
 d - a potion of berserk rage {unknown}
 e - a potion of haste {unknown}
 k - 6 potions of curing
 z - 5 potions of agility
 A - 2 potions of might
 C - 2 potions of lignification
 D - 2 potions of mutation {unknown}
 E - a potion of ambrosia {unknown}
 H - a potion of flight {unknown}
Comestibles
 b - 17 rations


   Skills:
 + Level 8.5 Fighting
 + Level 8.4 Dodging
 + Level 10.0 Unarmed Combat


You had 9 spell levels left.
You didn't know any spells.
Your spell library was empty.

Dungeon Overview and Level Annotations

Branches:
Dungeon (8/15)             Temple (0/1) D:4            Lair (0/6) D:8

Altars:
Cheibriados
Kikubaaqudgha
Okawaru
Qazlal
Ru
Trog
Yredelemnul
Zin

Shops:
D:8 [![


Innate Abilities, Weirdness & Mutations

You are too large for most types of armour.
You have claws for hands.
Your metabolism is lightning-fast.
You like to eat raw meat.
Your natural rate of healing is unusually fast.
You are covered in fur. (AC +1)
You have very tough skin. (AC +2)


Message History

The shadow imp hits you. The ice devil completely misses you.
The human hits you with a rapier.
You mangle the human!!
You kill the human!
Trog accepts your kill. The hornet zombie hits you. The shadow imp hits you.
The ice devil hits you! The ice devil freezes you!!
* * * LOW HITPOINT WARNING * * *
The hornet zombie barely misses you. The hog bites you.
* * * LOW HITPOINT WARNING * * *
There is a stone staircase leading up, spattered with blood here.
Items here: ( ) [ † a rapier; an animal skin; a stone; a human corpse The hog bites you but does no damage.
The kobold demonologist begins to cast a cantrip, but forgets the words!
The hog misses you. The ice devil hits you!
* * * LOW HITPOINT WARNING * * *
The ice devil freezes you!!
You die...

....≈≈≈
...≈≈≈≈
...≈≈∩≈
##...≈≈.≈
.K5...≈.≈
####KK5.....
#>..Z5KK:...
#4# #@#
#....h......
####.#..#'##
#...... ###
..... .....
..... ..
.....##.
#.$.


You could see an ice devil, a kobold demonologist, a hog, a quasit, a white imp,
a shadow imp, a hornet zombie and 2 kobolds.

Vanquished Creatures
  Harold (D:7)
  Pikel (D:5)
  The ghost of Adamkad1 the Chucker, a novice TrHu of Okawaru (D:6)
  2 kobold demonologists (D:8)
  Grinder (D:5)
  3 yaks (D:6)
  2 basilisks (D:8)
  A human (D:8)
  Edmund (D:5)
  A porcupine (D:7)
  Duvessa (D:7)
  2 sky beasts
  2 slaves (D:5)
  4 black bears (D:8)
  2 phantoms
  4 centaurs
  2 wolves (D:8)
  3 ogres
  A crocodile (D:8)
  3 big kobolds
  A bullfrog (D:7)
  Dowan (D:7)
  4 scorpions
  5 wights (D:5)
  A howler monkey (D:5)
  2 crimson imps
  3 centaur zombies (Ossuary)
  2 hounds
  3 jellies (D:6)
  5 orc wizards
  An orc priest (D:6)
  2 iguanas
  7 worker ants
  A big kobold zombie (Ossuary)
  4 mummies (Ossuary)
  A hound zombie (D:8)
  A hound skeleton (D:4)
  6 gnolls
  13 adders
  5 shadow imps
  An ooze (D:3)
  An adder skeleton (D:7)
  2 worms (D:3)
  4 leopard geckos
  12 orcs
  5 bats
  4 giant cockroaches
  A gnoll zombie (Ossuary)
  10 goblins
  9 hobgoblins
  11 jackals
  6 quokkas
  6 frilled lizards
  A goblin zombie (Ossuary)
  A hobgoblin zombie (Ossuary)
  A jackal skeleton (D:6)
  10 kobolds
  A leopard gecko zombie (D:5)
  An orc zombie (Ossuary)
  A rat (D:3)
194 creatures vanquished.

Vanquished Creatures (collateral kills)
  4 kobolds (D:8)
4 creatures vanquished.

Vanquished Creatures (others)
  A slave (D:5)
  A quokka (D:8)
  A kobold (D:8)
  A fungus (D:8)
4 creatures vanquished.

Grand Total: 202 creatures vanquished

Notes
Turn   | Place    | Note
-------+----------+-------------------------------------------
     0 | D:1      | Forgol the Troll Berserker began the quest for the Orb.
     0 | D:1      | Reached XP level 1. HP: 22/22 MP: 0/0
   181 | D:1      | Reached XP level 2. HP: 23/29 MP: 1/1
   758 | D:2      | Reached XP level 3. HP: 36/36 MP: 2/2
  1008 | D:2      | Found a snail-covered altar of Cheibriados.
  1008 | D:2      | Found a basalt altar of Yredelemnul.
  1048 | D:2      | Reached ** piety under Trog
  1204 | D:2      | Reached XP level 4. HP: 36/45 MP: 3/3
  1531 | D:2      | Found a bloodstained altar of Trog.
  1812 | D:3      | Found a glowing silver altar of Zin.
  2022 | D:3      | Reached skill level 4 in Unarmed Combat
  2059 | D:3      | Reached XP level 5. HP: 46/53 MP: 4/4
  2667 | D:4      | Found a stormy altar of Qazlal.
  2805 | D:4      | Found a staircase to the Ecumenical Temple.
  2883 | D:4      | Reached XP level 6. HP: 62/62 MP: 5/5
  2949 | D:4      | Found a sacrificial altar of Ru.
  3030 | D:4      | Found an ancient bone altar of Kikubaaqudgha.
  3129 | D:5      | Entered Level 5 of the Dungeon
  3141 | D:5      | Reached *** piety under Trog
  3186 | D:5      | Reached skill level 5 in Unarmed Combat
  3268 | D:5      | Noticed a slave
  3268 | D:5      | Noticed a slave
  3270 | D:5      | Noticed a slave
  3272 | D:5      | Noticed a slave
  3273 | D:5      | Reached XP level 7. HP: 71/71 MP: 6/6
  3292 | D:5      | Noticed Pikel
  3304 | D:5      | Killed Pikel
  3304 | D:5      | Reached skill level 5 in Fighting
  3304 | D:5      | Reached skill level 5 in Dodging
  3304 | D:5      | Reached skill level 6 in Unarmed Combat
  3304 | D:5      | Reached XP level 8. HP: 51/80 MP: 7/7
  3576 | D:5      | Noticed Edmund
  3585 | D:5      | Killed Edmund
  3706 | D:5      | Found a sand-covered staircase.
  3720 | Ossuary  | Entered an ossuary
  3782 | Ossuary  | Reached skill level 7 in Unarmed Combat
  4145 | D:5      | Noticed Grinder
  4152 | D:5      | Killed Grinder
  4503 | D:6      | Reached XP level 9. HP: 89/89 MP: 8/8
  4604 | D:6      | Reached **** piety under Trog
  4611 | D:6      | Reached skill level 8 in Unarmed Combat
  4843 | D:6      | Found a runed gate.
  4843 | D:6      | Found a runed gate.
  4843 | D:6      | Found a runed gate.
  4848 | D:6      | Noticed Adamkad1's ghost (novice TrHu)
  4876 | D:6      | Killed Adamkad1's ghost
  5620 | D:7      | Noticed Harold
  5633 | D:7      | Killed Harold
  5633 | D:7      | Reached skill level 9 in Unarmed Combat
  5633 | D:7      | Reached XP level 10. HP: 102/102 MP: 9/9
  5833 | D:7      | Noticed Duvessa
  5833 | D:7      | Noticed Dowan
  5847 | D:7      | Killed Duvessa
  5851 | D:7      | Killed Dowan
  6341 | D:8      | Found Nosilo's Antique Armour Shop.
  6347 | D:8      | Bought a dull robe for 171 gold pieces
  6357 | D:8      | Identified the +4 robe of the Albatross {SInv} (You bought
                  | it in a shop on level 8 of the Dungeon)
  6366 | D:8      | Found a staircase to the Lair.
  6693 | D:8      | Got a fine scimitar {slice}
  6867 | D:8      | Got a faintly humming robe
  7045 | D:7      | Identified the +0 robe of the Worm {+Blink rF- Str+10
                  | Dex-3} (You took it off a goblin on level 8 of the Dungeon)
  7428 | D:8      | Found an iron altar of Okawaru.
  7435 | D:8      | Found Potil's Distillery.
  7693 | D:8      | Found Kullem's Antique Armour Emporium.
  7710 | D:8      | Reached skill level 10 in Unarmed Combat
  7717 | D:8      | Mangled by an ice devil

Skill      XL: |  1  2  3  4  5  6  7  8  9 10 |
---------------+-------------------------------+-----
Fighting       | 3 4 5 6 7 8 |  8.5
Dodging        | 3 4 5 6 7 8 |  8.4
Unarmed Combat | 4 5 6 7 9 10 | 10.0

Action                   |  1- 3 |  4- 6 |  7- 9 | 10-12 || total
-------------------------+-------+-------+-------+-------++-------
Melee: Unarmed           |    79 |   160 |   214 |   141 ||   594
       Punch             |     1 |     3 |     8 |     6 ||    18
Throw: Stone             |       |       |     2 |       ||     2
Invok: Berserk           |     3 |     3 |     8 |     6 ||    20
       Trog's Hand       |       |       |     1 |     1 ||     2
       Brothers in Arms  |       |       |       |     1 ||     1
  Use: Scroll            |       |     1 |    13 |     1 ||    15
 Stab: Sleeping          |     1 |     1 |     1 |       ||     3
  Eat: Chunk             |    17 |    23 |    31 |    16 ||    87
Armor: Animal skin       |    28 |    48 |     3 |       ||    79
       Robe              |       |       |    40 |   129 ||   169
       Skin              |       |       |       |     2 ||     2
Dodge: Dodged            |    33 |    64 |    77 |   140 ||   314
       Deflected         |       |     1 |       |       ||     1
